 Dungeon Crawl Stone Soup version 0.23-a0-350-g6fd5563 (webtiles) character file.

30729 Garbasso the Basher (level 13, -13/84 HPs)
             Began as a Gargoyle Venom Mage on Oct 20, 2018.
             Was a High Priest of Okawaru.
             Killed from afar by a lindwurm (45 damage)
             ... with a blast of flame
             ... on level 6 of the Lair of Beasts.
             The game lasted 01:02:12 (19010 turns).

Garbasso the Basher (Gargoyle Venom Mage)          Turns: 19010, Time: 01:02:13

Health: -13/84     AC: 30    Str: 17    XL:     13   Next: 53%
Magic:  14/16      EV: 11    Int: 21    God:    Okawaru [*****.]
Gold:   960        SH:  7    Dex: 10    Spells: 7/16 levels left

rFire    . . .     SeeInvis +   r - +1 morningstar
rCold    . . .     Gourm    .   K - +2 buckler
rNeg     + . .     Faith    .   d - +3 ring mail
rPois    ∞         Spirit   .   H - +0 helmet (curse)
rElec    +         Reflect  .   m - +2 cloak {rPois}
rCorr    .         Harm     .   D - +2 pair of gloves
MR       .....                  n - +0 pair of boots
Stlth    +.........             (no amulet)
HPRegen  0.24/turn              F - ring of see invisible
MPRegen  0.15/turn              N - +5 ring of intelligence (curse)

@: no status effects
A: negative energy resistance 1, electricity resistance, unbreathing,
petrification resistance, rot immunity, AC +9
a: Heroism, Finesse, Renounce Religion


You were on level 6 of the Lair of Beasts.
You worshipped Okawaru.
Okawaru was extremely pleased with you.
You were not hungry.

You visited 3 branches of the dungeon, and saw 15 of its levels.
You also visited: Sewer.

You collected 960 gold pieces.

Inventory:

Hand Weapons
 r - a +1 morningstar (weapon)
Missiles
 h - 7 javelins (quivered)
 s - 5 tomahawks
 y - a throwing net
Armour
 d - a +3 ring mail (worn)
 m - a +2 cloak of poison resistance (worn)
 n - a +0 pair of boots (worn)
 w - a +1 leather armour of cold resistance
 D - a +2 pair of gloves (worn)
 H - a cursed +0 helmet (worn)
 K - a +2 buckler (worn)
 L - a +0 shield
 O - a +3 plate armour of fire resistance
Jewellery
 e - an uncursed ring of stealth
 x - an uncursed ring of positive energy
 B - an uncursed ring of stealth
 F - a ring of see invisible (left hand)
 N - a cursed +5 ring of intelligence (right hand)
Wands
 z - a wand of acid (22)
 A - a wand of disintegration (22)
 I - a wand of iceblast (7)
Scrolls
 j - a scroll of fear
 k - 7 scrolls of enchant armour
 l - 5 scrolls of enchant weapon
 t - 9 scrolls of teleportation
 u - 3 scrolls of blinking
 C - 3 scrolls of remove curse
 E - a scroll of fog
 G - a scroll of magic mapping
 Q - a scroll of immolation
 R - a scroll of amnesia
Potions
 a - a potion of cancellation
 b - 3 potions of flight
 f - a potion of invisibility
 i - 5 potions of curing
 o - 2 potions of heal wounds
 p - 2 potions of haste
 q - a potion of magic
 v - a potion of brilliance
 J - a potion of ambrosia
Miscellaneous
 P - a fan of gales
Comestibles
 c - 18 rations


   Skills:
 + Level 11.5 Fighting
 * Level 13.6 Maces & Flails
 + Level 11.1 Armour
 - Level 1.5 Dodging
 - Level 2.1 Stealth
 + Level 5.8 Shields
 - Level 2.0 Spellcasting
 - Level 5.0 Conjurations
 - Level 8.0 Poison Magic


You had 7 spell levels left.
You knew the following spells:

 Your Spells              Type           Power        Failure   Level  Hunger
b - Poisonous Vapours     Pois/Air       ###...       7%          2    ##.....
c - Mephitic Cloud        Conj/Pois/Air  ###.....     12%         3    ###....
d - Olgreb's Toxic Radia  Pois           #####...     9%          4    #####..

Your spell library contained the following spells:

 Spells                   Type           Power        Failure   Level  Hunger
 Sting                    Conj/Pois      ####         1%          1    #......
 Flame Tongue             Conj/Fire      ##...        9%          1    #......
 Throw Flame              Conj/Fire      ##....       12%         2    ##.....
 Confusing Touch          Hex            #.....       22%         1    #......
 Corona                   Hex            #......      22%         1    #......
 Conjure Flame            Conj/Fire      ##......     24%         3    ###....
 Dazzling Spray           Conj/Hex       ##....       24%         3    ###....
 Ensorcelled Hibernation  Hex/Ice        #.....       34%         2    ##.....
 Shroud of Golubria       Chrm/Tloc      #.........   34%         2    ##.....
 Venom Bolt               Conj/Pois      ####......   41%         5    ######.
 Confuse                  Hex            #.......     56%         3    ###....
 Gell's Gravitas          Tloc           #.........   56%         3    ###....
 Inner Flame              Hex/Fire       #.......     56%         3    ###....
 Tukima's Dance           Hex            #.......     56%         3    ###....
 Sticky Flame             Conj/Fire      ##......     63%         4    #####..
 Petrify                  Tmut/Erth      #.......     92%         4    #####..
 Fireball                 Conj/Fire      ##........   92%         5    ######.
 Metabolic Englaciation   Hex/Ice        #.........   99%         5    ######.
 Yara's Violent Unravell  Hex/Tmut       #.........   99%         5    ######.


Dungeon Overview and Level Annotations

Branches:
Dungeon (8/15)             Temple (1/1) D:7            Lair (6/6) D:8
 Shoals (0/4) Lair:3       Spider (0/4) Lair:3        Slime (0/5) Lair:6

Altars:
Ashenzari
Cheibriados
Dithmenos
Elyvilon
Fedhas
Gozag
Hepliaklqana
Nemelex Xobeh
Okawaru
Qazlal
Ru
Sif Muna
Uskayaw
Vehumet
Wu Jian
Xom
Yredelemnul
The Shining One

Annotations:
D:5 5 runed doors
Lair:2 3 runed doors, Madmarshman's ghost, journeyman MiBe


Innate Abilities, Weirdness & Mutations

You are resistant to torment.
Your stone body is resilient. (AC +9)
You are immune to poison.
You resist negative energy. (rN+)
You are resistant to electric shocks. (rElec)
You can survive without breathing.
You are immune to petrification.
You are immune to rotting.


Message History

The lindwurm claws you but does no damage. x2
You hit the lindwurm but do no damage.
The lindwurm is moderately wounded.
The lindwurm bites you. The lindwurm claws you.
You block the lindwurm's attack.
You barely miss the lindwurm.
The lindwurm is moderately wounded.
The lindwurm bites you. The lindwurm claws you.
The lindwurm claws you but does no damage.
Casting: Poisonous Vapours (safe; 7% risk of failure)
Confirm with . or Enter, or press ? or * to list all spells.
Aiming: Poisonous Vapours (safe; 7% risk of failure)
Press: ? - help, Dir - move target cursor, f - lindwurm
Aim: a lindwurm (moderately wounded) Poisonous vapours surround the lindwurm!
The lindwurm is engulfed in poison gas.
The lindwurm is poisoned.
The lindwurm breathes flames at you. The blast of flame hits you!
Ouch! That really hurt!
You die...

####....##.. #..#...#..
#..#..k.# #.#...#.##
........###.....#.#..
#............>.../..#. ##..#
#.......#.##...####..#####...##
#.......##..#k#..#.....#.#....#
#P.......#..##@#........###....
#.....######.#.##............
#.....#####..................
#.....................#.((.
##.......<.........#.....(.
##P...............#..P††##
##............##.......##
#.#P........#.##P......#
###..P......###........#


You could see a lindwurm.

Vanquished Creatures
  Rupert (Lair:5)
  6 hydras
  A death yak (Lair:5)
  Sonja (Lair:6)
  A centaur zombie (D:8)
  4 black mambas
  A torpor snail (Lair:5)
  16 spiny frogs
  4 komodo dragons
  Grinder (D:6)
  15 blink frogs
  9 hippogriffs
  2 wyverns
  14 yaks
  6 spriggans (Lair:4)
  Eustachio (D:5)
  4 basilisks
  2 wargs (D:8)
  4 hell hounds
  9 water moccasins
  6 porcupines
  5 sky beasts
  2 orc warriors (D:8)
  A phantom (D:4)
  16 wolves
  An ogre (D:3)
  7 crocodiles
  4 centaurs
  2 big kobolds
  9 bullfrogs
  4 scorpions
  4 killer bees (D:7)
  A howler monkey (D:5)
  3 crimson imps
  A quasit (D:8)
  A centaur skeleton (D:4)
  2 hounds (D:7)
  Crazy Yiuf (D:2)
  3 gnoll shamans (D:3)
  3 orc priests
  12 jellies
  Jessica (D:2)
  5 orc wizards
  2 worker ants
  2 hound skeletons (D:4)
  9 adders
  32 gnolls
  A river rat (Sewer)
  3 oozes
  An adder skeleton (D:6)
  12 worms
  A dart slug (D:3)
  4 leopard geckos (D:2)
  6 orcs
  6 bats
  8 giant cockroaches
  9 goblins
  5 hobgoblins
  17 jackals
  15 kobolds
  4 quokkas
  2 ball pythons
  2 frilled lizards
  10 rats
347 creatures vanquished.

Vanquished Creatures (others)
  13 fungi
  11 plants
24 creatures vanquished.

Grand Total: 371 creatures vanquished

Notes
Turn   | Place    | Note
-------+----------+-------------------------------------------
     0 | D:1      | Garbasso the Gargoyle Venom Mage began the quest for the
                  | Orb.
     0 | D:1      | Reached XP level 1. HP: 10/10 MP: 3/3
   233 | D:1      | Reached skill level 1 in Fighting
   254 | D:1      | Reached XP level 2. HP: 16/16 MP: 0/5
   277 | D:1      | Learned a level 2 spell: Poisonous Vapours
   962 | D:2      | Reached skill level 1 in Armour
  1354 | D:2      | Reached XP level 3. HP: 21/21 MP: 4/6
  1424 | D:2      | Learned a level 3 spell: Mephitic Cloud
  1615 | D:2      | Noticed Jessica
  1624 | D:2      | Killed Jessica
  1624 | D:2      | Reached XP level 4. HP: 27/27 MP: 2/7
  1713 | D:2      | Identified Jessica's Collected Works on Translocation
  1799 | D:2      | Found a sparkling altar of Nemelex Xobeh.
  2142 | D:2      | Found a runed door.
  2417 | D:2      | Noticed Crazy Yiuf
  2433 | D:2      | Killed Crazy Yiuf
  2528 | D:3      | Reached XP level 5. HP: 32/32 MP: 8/8
  2660 | D:3      | Found an ornate altar of the Wu Jian Council.
  3168 | D:3      | Noticed an ogre
  3923 | D:2      | Reached skill level 1 in Maces & Flails
  3923 | D:2      | Reached XP level 6. HP: 36/38 MP: 5/9
  4105 | D:3      | Reached skill level 2 in Maces & Flails
  4405 | D:3      | Reached XP level 7. HP: 44/44 MP: 5/10
  4570 | D:3      | Reached skill level 3 in Maces & Flails
  4899 | D:4      | Learned a level 4 spell: Olgreb's Toxic Radiance
  5086 | D:4      | Reached skill level 5 in Fighting
  5086 | D:4      | Reached skill level 4 in Maces & Flails
  5086 | D:4      | Reached skill level 5 in Poison Magic
  5174 | D:4      | Found a glowing drain.
  5202 | Sewer    | Entered a sewer
  5323 | Sewer    | Reached XP level 8. HP: 48/49 MP: 8/11
  6113 | D:5      | Entered Level 5 of the Dungeon
  6113 | D:5      | Found a runed door.
  6125 | D:5      | Found a runed gate.
  6131 | D:5      | Found the +9 staff of Olgreb {rPois}
  6131 | D:5      | Found a runed door.
  6168 | D:5      | Found a basalt altar of Yredelemnul.
  6312 | D:5      | Found a runed gate.
  6312 | D:5      | Found a runed gate.
  6620 | D:5      | Found a white marble altar of Elyvilon.
  6663 | D:5      | Noticed Eustachio
  6672 | D:5      | Killed Eustachio
  6672 | D:5      | Reached skill level 5 in Maces & Flails
  6784 | D:5      | Reached skill level 5 in Armour
  7422 | D:6      | Reached skill level 6 in Maces & Flails
  7422 | D:6      | Reached XP level 9. HP: 55/55 MP: 12/12
  7479 | D:6      | Noticed Grinder
  7494 | D:6      | Killed Grinder
  7869 | D:6      | You fall through a shaft!
  7985 | D:7      | Reached skill level 7 in Maces & Flails
  8039 | D:7      | Found a staircase to the Ecumenical Temple.
  8048 | Temple   | Entered the Ecumenical Temple
  8096 | Temple   | Became a worshipper of Warmaster Okawaru
  8304 | D:7      | Found a stormy altar of Qazlal.
  8957 | D:8      | Found a staircase to the Lair.
  8982 | D:8      | Reached * piety under Okawaru
  9234 | D:8      | Reached XP level 10. HP: 63/63 MP: 13/13
  9304 | D:8      | Reached skill level 8 in Maces & Flails
 10040 | Lair:1   | Entered Level 1 of the Lair of Beasts
 10160 | Lair:1   | Found a hide-covered altar of Uskayaw.
 10163 | Lair:1   | Reached ** piety under Okawaru
 10193 | Lair:1   | Noticed a spiny frog
 10193 | Lair:1   | Noticed a spiny frog
 10198 | Lair:1   | Noticed a spiny frog
 10218 | Lair:1   | Killed a spiny frog
 10231 | Lair:1   | Noticed a spiny frog
 10538 | Lair:1   | Killed a spiny frog
 10538 | Lair:1   | Reached skill level 9 in Maces & Flails
 10679 | Lair:1   | Killed a spiny frog
 10683 | Lair:1   | Killed a spiny frog
 11031 | Lair:1   | Reached *** piety under Okawaru
 11507 | Lair:2   | Reached XP level 11. HP: 68/69 MP: 8/14
 11580 | Lair:2   | Reached skill level 10 in Maces & Flails
 11769 | Lair:2   | Reached **** piety under Okawaru
 12332 | Lair:2   | Found a runed gate.
 12332 | Lair:2   | Found a runed gate.
 12332 | Lair:2   | Found a runed gate.
 12334 | Lair:2   | Noticed a ten-headed hydra
 12335 | Lair:2   | Noticed Madmarshman's ghost (journeyman MiBe)
 12335 | Lair:2   | Noticed a nine-headed hydra
 12820 | Lair:3   | Found a hole to the Spider Nest.
 13221 | Lair:3   | Found a staircase to the Shoals.
 13378 | Lair:3   | Noticed a four-headed hydra
 13388 | Lair:3   | Killed a four-headed hydra
 13388 | Lair:3   | Reached ***** piety under Okawaru
 13388 | Lair:3   | Reached skill level 11 in Maces & Flails
 14269 | Lair:4   | Reached XP level 12. HP: 77/77 MP: 8/15
 14418 | Lair:4   | Received a gift from Okawaru
 14621 | Lair:4   | Reached skill level 10 in Fighting
 14665 | Lair:4   | Noticed a seven-headed hydra
 14683 | Lair:4   | Killed a seven-headed hydra
 14683 | Lair:4   | Reached skill level 1 in Shields
 15267 | Lair:4   | Reached skill level 5 in Conjurations
 15672 | Lair:5   | Reached skill level 12 in Maces & Flails
 15910 | Lair:5   | Reached skill level 10 in Armour
 16046 | Lair:5   | Noticed a death yak
 16077 | Lair:5   | Killed a death yak
 16460 | Lair:5   | Noticed a five-headed hydra
 16472 | Lair:5   | Killed a five-headed hydra
 16801 | Lair:6   | Entered Level 6 of the Lair of Beasts
 17329 | Lair:6   | Noticed an eight-headed hydra
 17329 | Lair:6   | Noticed Rupert
 17329 | Lair:6   | Noticed a five-headed hydra
 17743 | Lair:5   | Received a gift from Okawaru
 17833 | Lair:5   | Reached XP level 13. HP: 71/84 MP: 14/16
 18166 | Lair:5   | Killed Rupert
 18166 | Lair:5   | Reached skill level 13 in Maces & Flails
 18273 | Lair:6   | Noticed Sonja
 18283 | Lair:5   | Reached skill level 5 in Shields
 18574 | Lair:6   | Killed Sonja
 18976 | Lair:6   | Found a staircase to the Slime Pits.
 19010 | Lair:6   | Killed from afar by a lindwurm

Vault maps used:
D:1:      grunt_arrival_lava_bath, hex_medium
D:2:      overflow_temple_1_default, first_ration, kennysheep_jessica_study,
          uniq_crazy_yiuf_cottage
D:3:      lemuel_castle_with_subvaults, lemuel_doored_altar, grunt_ministairs_10
D:4:      portal_sewer_entry_b, serial_forest, infiniplex_forest_end_1,
          infiniplex_forest_clump_small, infiniplex_forest_lined_2,
          infiniplex_forest_zigzag_1, infiniplex_forest_zigzag_2,
          infiniplex_forest_clump_curved
D:5:      marbit_many_paths, nicolae_overflow_crystal_walls,
          roderic_cross_of_infinity, minmay_guarded_unrand_staff_of_olgreb,
          uniq_eustachio
D:6:      uniq_grinder, uniq_edmund
D:7:      grunt_qazlal_sundering, lemuel_temple_firewalk_b
D:8:      erik_lair_orcish_takeover
Temple:   minmay_temple_bridge_abc
Lair:1:   basic_altar, beast_lair_carwin_2
Lair:2:   gammafunk_ghost_hydra_chop, grunt_megastairs_4
Lair:3:   elwin_shoals_entry_rocks, nicolae_spider_entry_non_spiders
Lair:4:   wad_woods_01, grunt_megastairs_1
Lair:5:   grunt_forest_small_clearings, infiniplex_staircase_pool
Lair:6:   cheibrodos_lair_end_hotspot, minmay_slime_entry_jelly_boxes,
          nicolae_quartered_pool_little, uniq_rupert, uniq_sonja
Sewer:    sewer_co_15_rooms

Skill      XL: |  1  2  3  4  5  6  7  8  9 10 11 12 13 |
---------------+----------------------------------------+-----
Fighting       | 1 2 3 4 5 6 7 8 9 10 11 | 11.5
Armour         | 1 2 3 4 5 6 8 9 10 11 | 11.1
Poison Magic   | 4 5 6 8 |  8.0
Maces & Flails | 1 2 4 6 7 9 11 12 13 | 13.6
Conjurations   | 4 5 |  5.0
Shields        | 4 5 |  5.8
Dodging        | |  1.5
Stealth        | |  2.1
Spellcasting   | |  2.0

Action                   |  1- 3 |  4- 6 |  7- 9 | 10-12 | 13-15 || total
-------------------------+-------+-------+-------+-------+-------++-------
Melee: Unarmed           |     6 |       |       |       |       ||     6
       Short sword       |    52 |       |       |       |       ||    52
       Dagger            |       |    51 |       |       |       ||    51
       Quarterstaff      |       |    48 |       |       |       ||    48
       Morningstar       |       |    68 |   349 |   626 |   191 ||  1234
       Punch             |       |       |       |     2 |       ||     2
Throw: Javelin           |       |       |     4 |     5 |       ||     9
 Cast: Sting             |    19 |    10 |     2 |       |       ||    31
       Poisonous Vapours |     9 |    22 |    50 |    53 |    15 ||   149
       Mephitic Cloud    |       |     3 |     9 |     5 |     4 ||    21
       Olgreb's Toxic Ra |       |       |     9 |    17 |     2 ||    28
Invok: Heroism           |       |       |       |    24 |     6 ||    30
       Finesse           |       |       |       |     1 |       ||     1
Evoke: Wand              |       |       |       |     8 |     1 ||     9
  Use: Scroll            |       |     6 |     6 |    13 |       ||    25
       Potion            |       |       |     1 |     3 |       ||     4
 Stab: Sleeping          |     1 |     1 |    11 |    10 |       ||    23
       Confused          |       |       |     2 |     7 |     2 ||    11
  Eat: Chunk             |     4 |    11 |    19 |    21 |     4 ||    59
       Ration            |       |       |     2 |     4 |     1 ||     7
Armor: Robe              |    36 |    92 |   176 |       |       ||   304
       Leather armour    |       |       |       |   123 |       ||   123
       Skin              |       |       |       |     6 |       ||     6
       Ring mail         |       |       |       |   358 |   138 ||   496
Dodge: Dodged            |    59 |   128 |   271 |   376 |   104 ||   938
Block: Buckler           |       |       |       |    95 |    99 ||   194

Table legend:
 A = Non-vault XP
 B = Vault XP
 C = Vault XP percentage of total XP
 D = Non-vault monster count
 E = Vault monster count
 F = Vault count percentage of total count
                 A         B        C        D         E       F
            +---------+---------+-------+---------+---------+-------
      Total |   28934 |   14965 |  34.1 |     208 |     139 |  40.1
            +---------+---------+-------+---------+---------+-------
        D:1 |      21 |       0 |   0.0 |      13 |       0 |   0.0
        D:2 |      63 |     112 |  64.0 |      22 |       7 |  24.1
        D:3 |      53 |     648 |  92.4 |      12 |      48 |  80.0
        D:4 |     267 |      10 |   3.6 |      13 |       5 |  27.8
        D:5 |     509 |     204 |  28.6 |      10 |       2 |  16.7
        D:6 |     725 |     272 |  27.3 |      11 |       1 |   8.3
        D:7 |     965 |       0 |   0.0 |      18 |       0 |   0.0
        D:8 |    1055 |     536 |  33.7 |       9 |       8 |  47.1
     Lair:1 |    2120 |    1317 |  38.3 |      11 |       4 |  26.7
     Lair:2 |    3686 |     395 |   9.7 |      19 |       2 |   9.5
     Lair:3 |    4036 |     838 |  17.2 |      18 |      11 |  37.9
     Lair:4 |    2351 |    2432 |  50.8 |      11 |      11 |  50.0
     Lair:5 |    9689 |    4498 |  31.7 |      30 |      14 |  31.8
     Lair:6 |    3394 |    3522 |  50.9 |      11 |       9 |  45.0
      Sewer |       0 |     181 | 100.0 |       0 |      17 | 100.0
            +---------+---------+-------+---------+---------+-------
